 Dungeon Crawl Stone Soup version 0.29-a0-356-g7bc237e783 (webtiles) character file.

Game seed: 1137514664747686012

3427 iguanaiguana the Thaumaturge (level 10, 0/72 HPs)
             Began as a Djinni Transmuter on Apr 22, 2022.
             Was an Initiate of Gozag.
             Slain by a wyvern (14 damage)
             ... on level 8 of the Dungeon on Apr 25, 2022.
             The game lasted 00:22:22 (8360 turns).

iguanaiguana the Thaumaturge (Djinni Transmuter)    Turns: 8360, Time: 00:22:22

Health: 0/72       AC:  9    Str:  9    XL:     10   Next: 25%
Gold:   828        EV: 14    Int: 24    God:    Gozag SH:  0 Dex: 15

rFire   + + .      SeeInvis .     - Unarmed
rCold   x . .      Faith    .   (no shield)
rNeg    . . .      Spirit   .   u - +2 troll leather armour {Pargi}
rPois   ∞          Reflect  .   w - +2 helmet
rElec   .          Harm     .   (no cloak)
rCorr   .          Rampage  .   (no gloves)
Will    +....                   (boots unavailable)
Stlth   +.........              (no amulet)
HPRegen 1.02/turn               p - +6 ring of intelligence
MPRegen 0.00/turn               (no ring)

@: about to teleport, flying
A: sickness immunity, fire resistance 2, cold vulnerability 1, float, innate
caster, HP casting, extra vitality 1
a: Renounce Religion, Potion Petition, Call Merchant, Bribe Branch


You were on level 8 of the Dungeon.
You worshipped Gozag.
Gozag was pleased with you.
You visited 1 branch of the dungeon, and saw 8 of its levels.

You collected 1058 gold pieces.
You spent 157 gold pieces at shops.
You paid 73 gold pieces to Gozag.

Inventory:

Missiles
 j - 38 poisoned darts
Armour
 a - a +0 robe
 e - a +0 leather armour
 u - a +2 troll leather armour (worn) {Pargi}
 w - a +2 helmet (worn)
Jewellery
 c - a ring of protection from cold
 p - a +6 ring of intelligence (left hand)
 t - a ring of willpower
 x - an amulet of faith
 B - a +6 ring of dexterity
Wands
 m - a wand of acid (4) {@v1}
 z - a wand of iceblast (6) {@v2}
 E - a wand of paralysis (8)
Scrolls
 f - 3 scrolls of magic mapping {@r5}
 g - a scroll of teleportation {@r3}
 i - a scroll of fog
 l - a scroll of torment {unknown}
 n - a scroll of fear {unknown}
 o - a scroll of brand weapon {unknown}
 s - a scroll of enchant weapon {unknown}
 y - 2 scrolls of immolation
 A - a scroll of noise {unknown}
 F - a scroll of blinking {unknown}
Potions
 b - 2 potions of lignification
 d - 5 potions of might {@q3}
 h - 2 potions of invisibility
 k - 3 potions of curing {@q1}
 r - a potion of berserk rage
 v - a potion of degeneration {unknown}
 C - a potion of experience {unknown}
 D - 2 potions of ambrosia


   Skills:
 + Level 6.0 Fighting
 - Level 3.0 Armour
 + Level 6.0 Dodging
 * Level 0.3 Stealth
 - Level 3.0 Unarmed Combat
 + Level 8.0 Spellcasting
 - Level 4.0 Evocations


You had 5 spell levels left.
You knew the following spells:

 Your Spells              Type           Power      Damage    Failure   Level
a - Beastly Appendage     Tmut           96%        N/A       1%          1
b - Searing Ray           Conj           96%        2d7       1%          2
c - Sting                 Tmut/Pois      100%       1d8       1%          1
d - Ice Form              Ice/Tmut       48%        N/A       3%          4
e - Spider Form           Tmut/Pois      48%        N/A       1%          3
f - Wereblood             Tmut           48%        N/A       1%          2
g - Summon Guardian Gole  Hex/Summ       48%        N/A       1%          3
h - Passage of Golubria   Tloc           48%        N/A       3%          4
Your spell library was empty.

Dungeon Overview and Level Annotations

Branches:
Dungeon (8/15)             Temple (0/1) D:5
   Lair: D:8-11

Altars:
Cheibriados
Elyvilon
Gozag
Nemelex Xobeh
Sif Muna

Shops:
D:2 *   D:7 (


Innate Abilities, Weirdness & Mutations

You are immune to sickness and miasma.
You are immune to poison.
Your flesh is very heat resistant. (rF++)
You are vulnerable to cold. (rC-)
You float through the air rather than walking.
You learn spells naturally, not from books.
Your magical power is your life essence.
You have superior vitality. (+4 MHP)


Message History

Casting: Sting (safe; 1% risk of failure)
Confirm with . or Enter, or press ? or * to list all spells.
Aiming: Sting (safe; 1% risk of failure)
Press: ? - help, Shift-Dir - straight line, f/p - wyvern
Aim: a wyvern (lightly wounded, poisoned, 78% to hit)
The sting hits the wyvern.
The wyvern looks even sicker.
The wyvern is lightly wounded.
The wyvern bites you.
Casting: Sting (safe; 1% risk of failure)
Confirm with . or Enter, or press ? or * to list all spells.
Aiming: Searing Ray (safe; 1% risk of failure)
Press: ? - help, Shift-Dir - straight line, f/p - wyvern
Aim: a wyvern (lightly wounded, very poisoned, 83% to hit)
The searing ray hits the wyvern.
The wyvern is lightly wounded. (Press . to maintain the ray.)
The wyvern bites you!
The wyvern bites you but does no damage.
The searing ray hits the wyvern.
The wyvern is moderately wounded.
The wyvern bites you!
The searing ray hits the wyvern.
The wyvern is moderately wounded.
The wyvern closely misses you. The wyvern bites you!
* * * LOW HITPOINT WARNING * * *
The searing ray misses the wyvern.
* * * LOW HITPOINT WARNING * * *
You finish channelling your searing ray.
The wyvern bites you!
* * * LOW HITPOINT WARNING * * *
Okay, then.
Okay, then.
You feel better. The wyvern closely misses you. The wyvern bites you!
* * * LOW HITPOINT WARNING * * *
You feel better. The wyvern misses you.
As you read the scroll of teleportation {@r3}, it crumbles to dust.
You feel strangely unstable. The wyvern closely misses you.
The wyvern bites you!
You die...
Your body crumbles into a pile of gold.

########
#..<...#
#......#
#......#
#......#
#......#
#@######
........l...#
.......#.......
$ .......
....... .......
...>... .......
....### ###+###
....# ....#


You could see a wyvern (poisoned).

Vanquished Creatures
  Sigmund (D:3)
  A wyvern (D:7)
  Eustachio (D:6)
  A steam dragon (D:7)
  Menkaure (D:7)
  A water moccasin (D:6)
  A sky beast (D:7)
  Pargi (D:3)
  3 ogres
  A black bear (D:6)
  An ice beast (D:7)
  A centaur (D:7)
  3 phantoms
  2 kobold brigands (D:7)
  3 necrophages
  Blork the orc (D:5)
  A bullfrog (D:7)
  A gnoll sergeant (D:7)
  3 scorpions
  4 wights (D:6)
  5 killer bees (D:7)
  A howler monkey (D:7)
  2 hounds
  A gnoll shaman (D:5)
  An orc priest (D:6)
  An iguana (D:5)
  4 orc wizards
  Robin (D:3)
  7 adders
  8 gnolls
  A shadow imp (D:6)
  A white imp (D:7)
  2 worms
  2 dart slugs
  25 orcs
  12 ball pythons
  4 endoplasms
  2 giant cockroaches
  15 goblins
  10 hobgoblins
  2 jackals (D:2)
  18 kobolds
  6 quokkas
  9 bats
  5 frilled lizards
  4 rats
181 creatures vanquished.

Notes
Turn   | Place    | Note
-------+----------+-------------------------------------------
     0 | D:1      | iguanaiguana the Djinni Transmuter began the quest for the
                  | Orb.
     0 | D:1      | Reached XP level 1. HP: 17/17 MP: 0/0
   397 | D:1      | Reached skill level 2 in Spellcasting
   397 | D:1      | Reached XP level 2. HP: 8/22 MP: 0/0
  1140 | D:1      | Found a faded altar of an unknown god.
  1305 | D:2      | Reached XP level 3. HP: 27/27 MP: 0/0
  1305 | D:2      | Learned a level 1 spell: Sting
  1515 | D:2      | Found Dukkerghech's Assorted Antiques.
  1528 | D:2      | Bought a ruby potion for 18 gold pieces
  1528 | D:2      | Bought a murky golden potion for 18 gold pieces
  1528 | D:2      | Bought a scroll labelled SAD DUAQUCUYCK for 21 gold pieces
  1528 | D:2      | Bought a scroll labelled TURIGA QEWO for 21 gold pieces
  1805 | D:2      | Reached skill level 3 in Spellcasting
  1862 | D:2      | Reached XP level 4. HP: 26/32 MP: 0/0
  2765 | D:3      | Noticed Sigmund
  2965 | D:3      | Killed Sigmund
  2966 | D:3      | Reached skill level 4 in Spellcasting
  2966 | D:3      | Reached XP level 5. HP: 20/37 MP: 0/0
  2966 | D:3      | Learned a level 2 spell: Searing Ray
  2966 | D:3      | Reached XP level 6. HP: 23/42 MP: 0/0
  3197 | D:3      | Noticed Pargi
  3205 | D:3      | Killed Pargi
  3206 | D:3      | Reached skill level 5 in Spellcasting
  3395 | D:3      | Noticed Robin
  3413 | D:3      | Killed Robin
  3752 | D:4      | Reached XP level 7. HP: 47/47 MP: 0/0
  3752 | D:4      | Learned a level 3 spell: Summon Guardian Golem
  3884 | D:4      | Found an opulent altar of Gozag.
  3910 | D:4      | Became a worshipper of Gozag Ym Sagoz the Greedy
  3967 | D:4      | Reached skill level 6 in Spellcasting
  4623 | D:4      | Reached XP level 8. HP: 25/52 MP: 0/0
  5013 | D:5      | Entered Level 5 of the Dungeon
  5440 | D:2      | Bought a scroll labelled NIAHID QUGON for 21 gold pieces
  5440 | D:2      | Bought a scroll labelled UTOBOG GYULAH for 21 gold pieces
  5440 | D:2      | Bought 2 fizzy golden potions for 37 gold pieces
  5582 | D:5      | Found a sparkling altar of Nemelex Xobeh.
  5630 | D:5      | Reached skill level 7 in Spellcasting
  5933 | D:5      | Noticed Blork the orc
  5935 | D:5      | Found a staircase to the Ecumenical Temple.
  5944 | D:5      | Killed Blork the orc
  5991 | D:5      | Found a white marble altar of Elyvilon.
  6371 | D:6      | Reached skill level 8 in Spellcasting
  6381 | D:6      | Reached XP level 9. HP: 42/59 MP: 0/0
  6381 | D:6      | Learned a level 4 spell: Passage of Golubria
  6506 | D:6      | HP: 1/62 [orc priest/nerve-wracking pain (11)]
  6621 | D:6      | Reached skill level 5 in Fighting
  6658 | D:6      | Found a snail-covered altar of Cheibriados.
  6899 | D:6      | Noticed Eustachio
  6909 | D:6      | Killed Eustachio
  7267 | D:7      | Noticed Menkaure
  7274 | D:7      | Killed Menkaure
  7298 | D:7      | Reached skill level 1 in Evocations
  7473 | D:7      | Found Zebbaeqe's Weapon Shop.
  7737 | D:7      | Reached XP level 10. HP: 70/72 MP: 0/0
  7830 | D:7      | Reached skill level 5 in Dodging
  8347 | D:8      | Upgraded the game from 0.29-a0-344-ge2f44be95a to
                  | 0.29-a0-356-g7bc237e783
  8360 | D:8      | Slain by a wyvern

Illustrated notes

Levels and vault maps discovered:
D:1:      erik_arrival_triangle_medium, layout_rooms,
          ebering_ecumenical_altar_hall
D:2:      layout_loops_ring, serial_shops, nicolae_diamond_shop
D:3:      layout_loops_ring, serial_aquarium, aquarium_bridge_square
          [aquarium_subvault_wall, aquarium_subvault_bridge,
          aquarium_subvault_wall, aquarium_subvault_balcony], aquarium_window_1,
          aquarium_window_2, aquarium_view_2d, aquarium_view_2d,
          aquarium_pool_double, uniq_pargi, uniq_sigmund, uniq_robin
D:4:      minmay_chambers_of_twos, layout_basic, grunt_gozag_breadcrumbs
D:5:      layout_basic, kennysheep_little_box, pf_just_have_faith, temple_hall,
          kennysheep_generic_room_14, uniq_blork_the_orc
D:6:      layout_basic, mainiacjoe_overflow_24_doors, uniq_eustachio
D:7:      layout_cave_pods, lemuel_doored_altar, serial_shops,
          nicolae_shop_temple_entry_statues_fountains,
          kennysheep_generic_room_9, uniq_menkaure
D:8:      layout_gridville, nicolae_uskayaw_suspiria, uniq_erica

Skill      XL: |  1  2  3  4  5  6  7  8  9 10 |
---------------+-------------------------------+-----
Spellcasting   | 2 3 4 5 6 8 |  8.0
Fighting       | 2 6 |  6.0
Armour         | 3 |  3.0
Evocations     | 4 |  4.0
Dodging        | 3 6 |  6.0
Stealth        | |  0.3
Unarmed Combat | |  3.0

Action                   |  1- 3 |  4- 6 |  7- 9 | 10-12 || total
-------------------------+-------+-------+-------+-------++-------
Melee: Unarmed           |    61 |    32 |    14 |       ||   107
       Headbutt          |     7 |     1 |       |       ||     8
       Punch             |     2 |     1 |       |       ||     3
 Cast: Beastly Appendage |    14 |     3 |     2 |     1 ||    20
       Wereblood         |     2 |     3 |       |       ||     5
       Sting             |    24 |    49 |    84 |    11 ||   168
       Searing Ray       |       |     5 |    70 |    12 ||    87
       Spider Form       |       |       |     1 |       ||     1
       Ice Form          |       |       |     1 |       ||     1
Evoke: Wand              |       |       |     2 |       ||     2
  Use: Scroll            |       |       |    12 |     3 ||    15
       Potion            |       |       |     1 |     2 ||     3
Armor: Robe              |     7 |       |       |       ||     7
       Leather armour    |     9 |    12 |       |       ||    21
       Troll leather arm |       |     7 |    28 |     8 ||    43
Dodge: Dodged            |    45 |    30 |    56 |    14 ||   145

Table legend: (Time is in decaauts)
 A = Elapsed time spent in this place.
 B = Non-inter-level travel time spent in this place.
 C = Inter-level travel time spent in this place.
 D = Time resting spent in this place.
 E = Time spent auto-exploring this place.
 F = Levels seen in this place.
 G = Mean time per level.
                   A        B        C        D        E       F      G
               +--------+--------+--------+--------+--------+-----+--------+
         Total |   8356 |   7871 |    485 |    871 |   5857 |   8 | 1044.5 |
       Dungeon |   8356 |   7871 |    485 |    871 |   5857 |   8 | 1044.5 |
               +--------+--------+--------+--------+--------+-----+--------+

Top non-repeatable levels by time:
     D:4: 1386 daAuts
     D:3: 1359 daAuts
     D:1: 1294 daAuts
     D:5: 1149 daAuts
     D:2: 1126 daAuts
     D:7: 1088 daAuts
     D:6: 939 daAuts
     D:8: 13 daAuts
